Map: Abyssal Reef LE

Players

Scarlett - Winner!

  • Race: Zerg Zerg
  • Spawn Location: 11:00

TRUE

  • Race: Zerg Zerg
  • Spawn Location: 5:00

Event: WCS Jonkoping 2017

VOD

Have the link to the VOD?

Description

Time

  • Played on: June 17, 2017, 1:30 p.m.
  • Length: 10:07

All games in this series

Show
View Real Time Build Order
Export as new Build Order

Scarlett Zerg - Winner!

Build Orders: Hatch First 

Get SALT Encoding   

  12  0:00  Drone  
  13  0:08  Drone  
  14  0:17  Overlord  
  14  0:23  Extractor  
  14  0:24  Drone  
  15  0:36  Drone x2  
  17  0:46  Drone  
  18  0:58  Hatchery  
  18  1:01  Drone  
  18  1:07  Drone  
  19  1:18  Spawning Pool  
  18  1:22  Drone  
  19  1:29  Drone  
  20  1:44  Hatchery  
  19  1:47  Drone  
  19  1:50  Drone  
  21  1:59  Drone  
  22  2:10  Queen  
  22  2:11  Queen  
  22  2:15  Overlord  
  26  2:18  Zergling x2  
  26  2:22  Drone  
  28  2:33  Drone x3  
  31  2:45  Drone  
  31  2:46  Queen  
  31  2:48  Queen  
  36  2:52  Overlord  
  36  2:55  Queen  
  36  2:57  Drone  
  39  3:02  Overlord  
  39  3:03  Drone  
  40  3:11  Drone x2  
  41  3:14  Drone  
  41  3:16  Drone  
  41  3:19  Drone x2  
  47  3:20  Drone x2  
  47  3:21  Extractor  
  47  3:22  Drone  
  47  3:27  Drone x3  
  47  3:29  Drone  
  51  3:35  Extractor  
  51  3:38  Extractor, Drone  
  50  3:49  Evolution Chamber  
  50  3:50  Drone x3  
  50  3:51  Drone  
  50  3:52  Roach Warren  
  52  3:59  Drone x6  
  52  4:00  Spine Crawler  
  57  4:05  Drone  
  58  4:13  Overlord  
  58  4:16  Lair  
  57  4:26  Drone  
  57  4:27  Drone  
  57  4:29  Zerg Missile Weapons Level 1  
  59  4:33  Drone x6  
  59  4:34  Drone x2  
  59  4:37  Overlord x2  
  66  4:42  Extractor  
  65  4:50  Drone  
  66  4:55  Overlord  
  66  4:56  Drone  
  66  4:59  Hatchery  
  66  5:01  Roach x5  
  66  5:03  Drone  
  77  5:10  Overlord  
  77  5:11  Overlord x2  
  77  5:14  Drone  
  77  5:16  Overseer x2  
  77  5:17  Glial Reconstitution  
  78  5:22  Drone x3  
  81  5:31  Roach  
  81  5:32  Roach x5  
  81  5:33  Drone  
  94  5:43  Drone x3  
  94  5:46  Extractor, Overlord  
  96  5:50  Drone x7  
  96  5:55  Overlord  
  103  5:58  Roach  
  103  6:02  Roach x3  
  111  6:05  Overlord  
  111  6:06  Roach x3  
  117  6:13  Roach x3  
  123  6:20  Evolution Chamber  
  123  6:21  Overlord x2  
  123  6:23  Overlord x2  
  123  6:24  Overlord  
  122  6:31  Roach  
  122  6:32  Roach x6  
  136  6:37  Overlord x3  
  136  6:44  Roach x3  
  142  6:48  Zerg Ground Armor Level 1  
  142  6:50  Roach x3  
  148  7:00  Roach x8  
  164  7:10  Overseer  
  164  7:12  Roach  
  164  7:13  Roach x6  
  164  7:15  Overseer  
  178  7:18  Roach x2  
  182  7:26  Extractor  
  183  7:30  Roach x5  
  183  7:31  Overlord  
  183  7:32  Overseer  
  183  7:57  Roach x15  
  189  8:04  Roach x3  
  191  8:07  Roach  
  191  8:08  Roach x2  
  185  8:17  Roach x7  
  197  8:27  Roach x4  
  163  8:42  Roach x7  
  163  8:43  Roach x6  
  187  8:51  Roach x5  
  189  9:03  Hatchery, Roach x6  
  189  9:07  Roach x4  
  190  9:12  Roach x3  
  190  9:18  Roach x4  
  190  9:25  Roach x5  
  198  9:34  Roach  
  196  9:40  Roach x2  
Show
View Real Time Build Order
Export as new Build Order

TRUE Zerg 

Build Orders: 3 Hatch before Pool 

Get SALT Encoding   

  12  0:00  Drone  
  13  0:12  Overlord  
  13  0:16  Drone  
  14  0:30  Drone x2  
  14  0:34  Drone  
  17  0:51  Drone  
  17  0:56  Drone  
  19  1:05  Hatchery  
  18  1:20  Hatchery  
  18  1:24  Drone  
  18  1:28  Extractor  
  17  1:37  Spawning Pool  
  17  1:38  Drone  
  17  1:43  Drone  
  17  1:45  Drone  
  19  1:51  Drone  
  20  2:00  Drone  
  21  2:13  Drone  
  22  2:17  Drone  
  22  2:21  Drone  
  24  2:24  Queen x2  
  24  2:28  Overlord  
  28  2:34  Metabolic Boost  
  28  2:40  Zergling x2  
  28  2:42  Drone  
  30  2:45  Drone  
  30  2:49  Baneling Nest  
  30  2:50  Drone  
  31  2:59  Queen  
  31  3:01  Drone  
  31  3:04  Drone  
  35  3:08  Drone x2  
  35  3:11  Drone  
  38  3:18  Zergling x4  
  38  3:19  Overlord  
  40  3:30  Overlord  
  40  3:33  Overlord  
  40  3:34  Drone x2  
  41  3:38  Drone x3  
  41  3:39  Drone  
  46  3:49  Drone x2  
  46  3:51  Evolution Chamber  
  46  3:52  Drone x3  
  50  3:57  Drone  
  50  3:58  Drone  
  51  4:04  Drone  
  51  4:07  Lair, Drone  
  51  4:08  Drone x2  
  55  4:10  Extractor, Drone  
  55  4:14  Drone x2  
  55  4:15  Overlord  
  55  4:16  Drone  
  58  4:25  Overlord  
  57  4:33  Drone x2  
  57  4:34  Drone x2, Zerg Missile Weapons Level 1  
  57  4:37  Roach Warren, Drone x5  
  64  4:40  Drone  
  64  4:41  Extractor x2  
  64  4:42  Drone x2  
  64  4:43  Drone  
  66  4:48  Extractor  
  66  4:49  Drone  
  66  4:56  Drone x2  
  68  5:07  Overlord x2  
  68  5:13  Overseer  
  68  5:14  Overseer  
  68  5:15  Hatchery  
  68  5:16  Glial Reconstitution  
  68  5:18  Roach  
  68  5:19  Roach x2  
  73  5:21  Overlord  
  73  5:23  Overlord  
  73  5:30  Overlord  
  73  5:31  Drone x3  
  73  5:32  Drone  
  77  5:38  Roach x6  
  89  5:43  Roach x2  
  89  5:46  Overlord  
  89  5:48  Extractor  
  92  5:51  Infestation Pit  
  92  5:54  Drone x2  
  92  5:55  Roach, Drone  
  92  5:56  Roach x3  
  102  6:01  Overlord  
  102  6:02  Ravager x4  
  106  6:04  Queen, Roach  
  106  6:07  Roach x2  
  106  6:09  Overlord  
  106  6:11  Roach  
  116  6:12  Roach  
  116  6:14  Overlord x2  
  116  6:16  Roach  
  120  6:18  Overlord  
  120  6:21  Overlord  
  120  6:22  Roach  
  120  6:25  Overlord  
  122  6:28  Infestor  
  122  6:29  Roach  
  122  6:31  Roach  
  122  6:32  Roach  
  130  6:33  Roach  
  130  6:35  Roach  
  134  6:59  Roach x10  
  154  7:03  Overlord  
  154  7:05  Zerg Missile Weapons Level 2  
  154  7:07  Roach x5  
  164  7:09  Roach  
  164  7:10  Overlord  
  164  7:11  Roach  
  164  7:13  Overlord  
  168  7:16  Roach  
  168  7:20  Roach x3  
  176  7:24  Roach  
  176  7:26  Roach x2  
  182  7:30  Roach x3  
  182  7:32  Roach  
  182  7:34  Roach  
  192  7:41  Roach  
  194  7:46  Roach  
  194  7:47  Roach  
  194  7:48  Roach  
  194  7:49  Roach  
  198  7:53  Roach x3  
  198  7:55  Roach  
  198  7:57  Roach  
  198  7:58  Roach  
  200  8:05  Unknown  
  200  8:08  Roach  
  200  8:10  Roach  
  200  8:23  Roach  
  200  8:26  Roach x2  
  190  8:28  Roach  
  190  8:29  Roach  
  190  8:30  Roach x2  
  190  8:31  Roach  
  190  8:33  Roach  
  170  8:35  Roach x3  
  170  8:39  Roach  
  170  8:40  Roach x7  
  167  8:45  Roach x2  
  167  8:46  Roach x2  
  148  8:52  Roach  
  148  8:55  Roach  
  152  8:56  Roach  
  152  8:57  Roach  
  152  9:03  Roach  
  152  9:05  Roach  
  152  9:06  Roach  
  152  9:07  Roach  
  130  9:15  Roach  
  128  9:17  Roach x2  
  128  9:19  Roach x2  
  128  9:20  Roach  
  128  9:21  Roach x2  
  128  9:22  Roach x3  
  132  9:30  Roach x2  
  116  9:41  Roach  
  116  9:42  Roach  
  116  9:47  Roach  
  116  9:52  Hatchery  
Tags
 
Add a new tag
Caveats
  • Supply blocks, unpowered buildings, or Contaminate may cause inaccurate times.
  • Supply counts are checked every 10 seconds.